 Dungeon Crawl Stone Soup version 0.30-a0-802-gb92711bcdf (webtiles) character file.

Game seed: 14969070681939101072

17 Hierobosch the Caller (level 2, -4/15 HPs)
             Began as a Deep Elf Summoner on Feb 24, 2023.
             Slain by a hobgoblin (5 damage)
             ... on level 1 of the Dungeon.
             The game lasted 00:14:24 (664 turns).

Hierobosch the Caller (Deep Elf Summoner)            Turns: 664, Time: 00:14:24

Health: -4/15      AC:  4    Str:  5    XL:     2   Next: 44%
Magic:  8/8        EV: 11    Int: 19    God:
Gold:   68         SH:  0    Dex: 15    Spells: 6/7 levels left

rFire   + . .      SeeInvis .    c - +0 whip
rCold   x . .      Faith    .    (no shield)
rNeg    . . .      Spirit   .    l - +0 leather armour
rPois   .          Reflect  .    i - +0 helmet
rElec   .          Harm     .    (no cloak)
rCorr   .          Rampage  .    (no gloves)
Will    .....                    (no boots)
Stlth   ++                       (no amulet)
HPRegen 0.22/turn                h - ring of fire
MPRegen 0.11/turn                (no ring)

@: no status effects
A: no striking features
a: no special abilities


You were on level 1 of the Dungeon.
You visited 1 branch of the dungeon, and saw 2 of its levels.

You collected 68 gold pieces.

Inventory:

Hand Weapons
 c - a +0 whip (weapon)
 d - a +3 short sword
 j - a +0 scimitar
Missiles
 m - 9 stones
Armour
 a - a +0 robe
 i - a +0 helmet (worn)
 l - a +0 leather armour (worn)
Jewellery
 h - a ring of fire (left hand)
Scrolls
 f - a scroll of summoning {unknown}
 k - 2 scrolls of amnesia {unknown}
Potions
 b - a potion of magic
 e - 5 potions of heal wounds {unknown}
 g - 2 potions of curing {unknown}


   Skills:
 + Level 2.5 Dodging
 + Level 2.4 Stealth
 + Level 3.2 Spellcasting
 + Level 5.0 Summonings


You had 6 spell levels left.
You knew the following spells:

 Your Spells              Type           Power      Damage    Failure   Level
a - Summon Small Mammal   Summ           88%        N/A       3%          1

Your spell library contained the following spells:

 Spells                   Type           Power      Damage    Failure   Level
 Call Imp                 Summ           22%        N/A       4%          2
 Call Canine Familiar     Summ           22%        N/A       10%         3
 Summon Guardian Golem    Hex/Summ       12%        N/A       26%         3
 Summon Lightning Spire   Summ/Air       12%        N/A       65%         4


Dungeon Overview and Level Annotations

Branches:
Dungeon (2/15)

Altars:

Annotations:
D:2 Robin


Message History

Your bat barely misses the hobgoblin.
Your bat hits the hobgoblin but does no damage.
Robin says, "We wiped out the hill dwarves - you're next!"
The goblin hits you with a +0 dagger.
The goblin hits your bat with a +0 dagger.
Your bat barely misses the hobgoblin.
The goblin closely misses you.
You closely miss the hobgoblin.
Your bat barely misses the hobgoblin.
The hobgoblin hits you. The goblin hits you but does no damage.
A goblin comes into view. It is wielding a +0 club.
Your bat closely misses the goblin.
Your bat barely misses the hobgoblin. x2; Robin hits your bat with a +0 club.
Your bat hits the goblin. You hit the hobgoblin.
The hobgoblin is moderately wounded.
Your bat hits the goblin.
Your bat closely misses the goblin.
Robin roars a battlecry!
The goblins go into a battle-frenzy!
The hobgoblin hits you. The hobgoblin barely misses you.
Your bat closely misses the goblin.
The hobgoblin attacks as you move away! The hobgoblin hits you.
* * * LOW HITPOINT WARNING * * *
Your bat hits the goblin.
The goblin dies!
Your bat hits the hobgoblin but does no damage.
Your bat hits the hobgoblin. Robin hits your bat with a +0 club.
Your bat dies!
Your bat's corpse disappears in a puff of smoke!
Your Summonings skill increases to level 5!
There is a stone staircase leading up here.
You climb upwards.
There is a stone staircase leading down here.
You hit the hobgoblin but do no damage.
The hobgoblin is lightly wounded.
The hobgoblin hits you but does no damage.
The hobgoblin hits you.
* * * LOW HITPOINT WARNING * * *
You hit the hobgoblin.
The hobgoblin is moderately wounded.
The hobgoblin barely misses you. The hobgoblin hits you.
You die...

########.#
#.#.......##..#
#....#
#.###.###)###.#
#####.##.######.#
#.....# #.#
#.....##........#
#####.# #.#
.......##########
#.# #.# ........#
#.# #.# ........#
##.###.#
........###########
#).....#
...............g@g#
#.....##
........###########
#....## .......##
#....# ........#
###### ........#
........# ........#
........# .......##


You could see 2 hobgoblins.

Vanquished Creatures
  A bat (D:1)
  A hobgoblin (D:1)
  A rat (D:2)
3 creatures vanquished.

Vanquished Creatures (collateral kills)
  A dart slug (D:1)
  An endoplasm (D:1)
  2 goblins
  4 kobolds (D:1)
  A bat (D:1)
  A frilled lizard (D:1)
10 creatures vanquished.

Grand Total: 13 creatures vanquished

Notes
Turn   | Place    | Note
-------+----------+-------------------------------------------
     0 | D:1      | Hierobosch the Deep Elf Summoner began the quest for the
                  | Orb.
     0 | D:1      | Reached XP level 1. HP: 10/10 MP: 6/6
    81 | D:1      | Found a faded altar of an unknown god.
   280 | D:1      | Reached XP level 2. HP: 14/15 MP: 6/8
   652 | D:2      | Noticed Robin
   661 | D:2      | Reached skill level 5 in Summonings
   664 | D:1      | Slain by a hobgoblin

Illustrated notes

Levels and vault maps discovered:
D:1:      minmay_arrival_arboretum_small, layout_rooms,
          hellmonk_ecumenical_altar_arch_garden, hex_medium,
          minmay_misc_feat_chi
D:2:      layout_loops_cross, kennysheep_generic_room_10, uniq_robin

Skill      XL: |  1  2 |
---------------+-------+-----
Summonings     | 5 |  5.0
Dodging        | |  2.5
Stealth        | |  2.4
Spellcasting   | |  3.2

Action                     || total
---------------------------++-------
  Melee: Unarmed           ||     1
         Whip              ||    25
         Short sword       ||     4
         Punch             ||     2
   Cast: Summon Small Mamm ||    14
 Armour: Robe              ||     5
         Leather armour    ||     5
  Dodge: Dodged            ||    36

Table legend: (Time is in decaauts)
 A = Elapsed time spent in this place.
 B = Non-inter-level travel time spent in this place.
 C = Inter-level travel time spent in this place.
 D = Time resting spent in this place.
 E = Time spent auto-exploring this place.
 F = Levels seen in this place.
 G = Mean time per level.
                   A        B        C        D        E       F      G
               +--------+--------+--------+--------+--------+-----+--------+
         Total |    665 |    251 |    414 |      0 |      0 |   2 |  332.5 |
       Dungeon |    665 |    251 |    414 |      0 |      0 |   2 |  332.5 |
               +--------+--------+--------+--------+--------+-----+--------+

Top non-repeatable levels by time:
     D:1: 648 daAuts
     D:2: 16 daAuts
